MLB
PITTSBURGH PIRATES @ LOS ANGELES DODGERS
05/26/2099
 
TOP OF THE 1ST
Pittsburgh Pirates batting - Pitching for Los Angeles Dodgers : RHP J.P. Vines
Pitching: RHP J.P. Vines
Batting: SHB Jamie Hoffman 0-0: Foul Ball, location: 2F
0-1: Swinging Strike
0-2: Strikes out swinging
Batting: RHB Randy Wilson 0-0: Ball
1-0: Foul Ball, location: 2F
1-1: Ground out 5-3 (Groundball, 56S, EV 90.0 MPH)
Batting: RHB Yoelbi Eugnio 0-0: Foul Ball, location: 2F
0-1: Foul Ball, location: 2F
0-2: Fly out, F6 (Popup, 6D, EV 55.0 MPH)
Top of the 1st over - 0 runs, 0 hits, 0 errors, 0 left on base; Pittsburgh 0 - Los Angeles 0
BOTTOM OF THE 1ST
Los Angeles Dodgers batting - Pitching for Pittsburgh Pirates : RHP Chris Niewinski
Pitching: RHP Chris Niewinski
Batting: RHB Dan Boyd 0-0: Called Strike
0-1: Swinging Strike
0-2: Ball
1-2: Ball
2-2: Ball
3-2: Foul Ball, location: 2F
3-2: Ground out 5-3 (Groundball, 56S, EV 87.5 MPH)
Batting: RHB Bryan Uplinger 0-0: Ground out 6-3 (Groundball, 6, EV 108.8 MPH)
Batting: LHB Ramon Anguiano 0-0: Ball
1-0: Called Strike
1-1: Foul Ball, location: 2F
1-2: Ball
2-2: Ball
3-2: Foul Ball, location: 2F
3-2: Base on Balls
Batting: RHB Victor Salinas 0-0: Called Strike
0-1: Ball
1-1: Called Strike
1-2: Ball
2-2: Strikes out swinging
Bottom of the 1st over - 0 runs, 0 hits, 0 errors, 1 left on base; Pittsburgh 0 - Los Angeles 0
TOP OF THE 2ND
Pittsburgh Pirates batting - Pitching for Los Angeles Dodgers : RHP J.P. Vines
Batting: RHB Joey Noles 0-0: Fly out, F8 (Flyball, 78M, EV 91.3 MPH)
Batting: LHB Josue Lopez 0-0: Called Strike
0-1: Ball
1-1: Ball
2-1: Fly out, F7 (Flyball, 7LMF, EV 91.9 MPH)
Batting: RHB Zachary Gugliotta 0-0: DOUBLE (Line Drive, 7LM, EV 103.8 MPH)
Batting: RHB Carlos Flores 0-0: Ball
1-0: Foul Ball, location: 2F
1-1: Ball
2-1: Ground out 5-3 (Groundball, 56, EV 109.4 MPH)
Top of the 2nd over - 0 runs, 1 hit, 0 errors, 1 left on base; Pittsburgh 0 - Los Angeles 0
BOTTOM OF THE 2ND
Los Angeles Dodgers batting - Pitching for Pittsburgh Pirates : RHP Chris Niewinski
Batting: SHB Mang He 0-0: Ball
1-0: Called Strike
1-1: Fly out, F9 (Flyball, 9S, EV 100.0 MPH)
Batting: LHB Greg Thompson 0-0: Ball
1-0: Foul Ball, location: 7LSF
1-1: Foul Ball, location: 2F
1-2: Ball
2-2: SINGLE (Line Drive, 7LS, EV 95.0 MPH)
Batting: LHB Joel Holden 0-0: SINGLE (Groundball, 34D, EV 104.4 MPH)
Greg Thompson to second
Runner from 2nd tries for 3rd, SAFE, throw by RF made to third
Batting: RHB Joe Boyer 0-0: Swinging Strike
0-1: Ball
1-1: Foul Ball, location: 23F
1-2: Strikes out swinging
Batting: SHB Jason Avsar 0-0: Ball
1-0: Fielders Choice at 2nd, 6-4 (Groundball, 6, EV 89.4 MPH)
Bottom of the 2nd over - 0 runs, 2 hits, 0 errors, 2 left on base; Pittsburgh 0 - Los Angeles 0
TOP OF THE 3RD
Pittsburgh Pirates batting - Pitching for Los Angeles Dodgers : RHP J.P. Vines
Batting: RHB Alex Velazquez 0-0: Ball
1-0: Ball
2-0: Called Strike
2-1: Called Strike
2-2: Foul Ball, location: 9LMF
2-2: Strikes out looking
Batting: RHB Chris Ward 0-0: Ball
1-0: Foul Ball, location: 3DF
1-1: Called Strike
1-2: Foul Ball, location: 9LMF
1-2: Ball
2-2: Foul Ball, location: 2F
2-2: Ball
3-2: Ground out 6-3 (Groundball, 6S, EV 84.4 MPH)
Batting: SHB Jamie Hoffman 0-0: Fly out, F7 (Line Drive, 7, EV 93.8 MPH)
Top of the 3rd over - 0 runs, 0 hits, 0 errors, 0 left on base; Pittsburgh 0 - Los Angeles 0
BOTTOM OF THE 3RD
Los Angeles Dodgers batting - Pitching for Pittsburgh Pirates : RHP Chris Niewinski
Batting: RHB Dan Boyd 0-0: Called Strike
0-1: Ground out 6-3 (Groundball, 6, EV 101.3 MPH)
Batting: RHB Bryan Uplinger 0-0: Ball
1-0: Ball
2-0: Foul Ball, location: 9LMF
2-1: Ball
3-1: Fly out, F8 (Line Drive, 78M, EV 95.0 MPH)
Batting: LHB Ramon Anguiano 0-0: Ball
1-0: Fly out, F8 (Flyball, 8RM, EV 94.4 MPH)
Bottom of the 3rd over - 0 runs, 0 hits, 0 errors, 0 left on base; Pittsburgh 0 - Los Angeles 0
TOP OF THE 4TH
Pittsburgh Pirates batting - Pitching for Los Angeles Dodgers : RHP J.P. Vines
Batting: RHB Randy Wilson 0-0: Ball
1-0: Foul Ball, location: 5F
1-1: Foul Ball, location: 5F
1-2: Ball
2-2: Ball
3-2: Foul Ball, location: 9LSF
3-2: SINGLE (Line Drive, 78S, EV 102.5 MPH)
Batting: RHB Yoelbi Eugnio 0-0: Foul Ball, location: 3FF
0-1: Fly out, F7 (Flyball, 78S, EV 95.0 MPH)
Batting: RHB Joey Noles 0-0: Ball
1-0: Foul Ball, location: 2F
1-1: Foul Ball, location: 9LDF
1-2: Ball
2-2: Foul Ball, location: 9LMF
2-2: SINGLE (Line Drive, 56D, EV 97.5 MPH)
Randy Wilson to second
Batting: LHB Josue Lopez 0-0: Called Strike
0-1: Fly out, F8 (Flyball, 89M, EV 80.0 MPH)
Batting: RHB Zachary Gugliotta 0-0: Ball
1-0: SINGLE (Line Drive, 6MD, EV 97.5 MPH)
Randy Wilson to third
Joey Noles to second
Runner from 3rd tries for Home, SAFE, throw by CF to home
Batting: RHB Carlos Flores 0-0: Foul Ball, location: 2F
0-1: Called Strike
0-2: SINGLE (Groundball, 5S, EV 68.8 MPH) (infield hit)
Joey Noles to third
Zachary Gugliotta to second
Batting: RHB Alex Velazquez 0-0: Foul Ball, location: 25FF
0-1: Ball
1-1: Ball
2-1: Called Strike
2-2: Foul Ball, location: 5FF
2-2: Foul Ball, location: 5F
2-2: Ground out 4-3 (Groundball, 4, EV 85.6 MPH)
Top of the 4th over - 1 run, 4 hits, 0 errors, 3 left on base; Pittsburgh 1 - Los Angeles 0
BOTTOM OF THE 4TH
Los Angeles Dodgers batting - Pitching for Pittsburgh Pirates : RHP Chris Niewinski
Batting: RHB Victor Salinas 0-0: Called Strike
0-1: SINGLE (Groundball, 4S, EV 66.9 MPH) (infield hit)
Batting: SHB Mang He 0-0: Ball
1-0: Grounds into double play, 3-6-3 (Groundball, 3, EV 86.3 MPH)
Batting: LHB Greg Thompson 0-0: Foul Ball, location: 2F
0-1: Ball
1-1: Swinging Strike
1-2: Strikes out swinging
Bottom of the 4th over - 0 runs, 1 hit, 0 errors, 0 left on base; Pittsburgh 1 - Los Angeles 0
TOP OF THE 5TH
Pittsburgh Pirates batting - Pitching for Los Angeles Dodgers : RHP J.P. Vines
Batting: RHB Chris Ward 0-0: Foul Ball, location: 2F
0-1: Ball
1-1: Fly out, F7 (Line Drive, 7, EV 96.9 MPH)
Batting: SHB Jamie Hoffman 0-0: Reached on error, E4 (Groundball, 4, EV 91.3 MPH)
Batting: RHB Randy Wilson 0-0: Ball
1-0: Called Strike
1-1: Foul Ball, location: 5F
1-2: Strikes out swinging
Batting: RHB Yoelbi Eugnio 0-0: Ball
1-0: Called Strike
1-1: Swinging Strike
1-2: Strikes out swinging
Top of the 5th over - 0 runs, 0 hits, 1 error, 1 left on base; Pittsburgh 1 - Los Angeles 0
BOTTOM OF THE 5TH
Los Angeles Dodgers batting - Pitching for Pittsburgh Pirates : RHP Chris Niewinski
Batting: LHB Joel Holden 0-0: Ground out U3 (Groundball, 34, EV 107.5 MPH)
Batting: RHB Joe Boyer 0-0: Foul Ball, location: 9LMF
0-1: Foul Ball, location: 2F
0-2: Ball
1-2: Foul Ball, location: 9LMF
1-2: Ball
2-2: Ball
3-2: Foul Ball, location: 9LSF
3-2: DOUBLE (Line Drive, 5D, EV 103.1 MPH)
Batting: SHB Jason Avsar 0-0: Foul Ball, location: 5F
0-1: Called Strike
0-2: Foul Ball, location: 7LMF
0-2: Ball
1-2: Ball
2-2: Strikes out looking
Batting: RHB Dan Boyd 0-0: Swinging Strike
0-1: Foul Ball, location: 5F
0-2: Strikes out swinging
Bottom of the 5th over - 0 runs, 1 hit, 0 errors, 1 left on base; Pittsburgh 1 - Los Angeles 0
TOP OF THE 6TH
Pittsburgh Pirates batting - Pitching for Los Angeles Dodgers : RHP J.P. Vines
Batting: RHB Joey Noles 0-0: Called Strike
0-1: Ball
1-1: SINGLE (Line Drive, 9S, EV 92.5 MPH)
Batting: LHB Josue Lopez 0-0: Ball
1-0: Ball
2-0: Ball
3-0: Called Strike
3-1: Base on Balls
Joey Noles to second
Batting: RHB Zachary Gugliotta 0-0: Foul Ball, location: 2F
0-1: Swinging Strike
0-2: Ball
1-2: Foul Ball, location: 2F
1-2: Foul Ball, location: 5SF
1-2: Foul Ball, location: 3SF
1-2: Fielders Choice at 2nd, 1-4 (Groundball, 15, EV 73.1 MPH)
Joey Noles to third
Pitching: RHP Kyle McLelland
Batting: RHB Carlos Flores 0-0: Called Strike
0-1: Ball
1-1: Called Strike
1-2: Foul Ball, location: 9LMF
1-2: Fly out, F9 (Flyball, 9D, EV 103.8 MPH)
Runner from 3rd tags up, SCORES, no throw by RF
Batting: RHB Alex Velazquez 0-0: Ball
1-0: Ball
2-0: Called Strike
2-1: Ball
3-1: Called Strike
3-2: SINGLE (Groundball, 4MD, EV 103.1 MPH)
Zachary Gugliotta to second
Zachary Gugliotta to third
Batting: RHB Chris Ward 0-0: Foul Ball, location: 2F
0-1: Ball
1-1: Foul Ball, location: 5F
1-2: Strikes out looking
Top of the 6th over - 1 run, 2 hits, 0 errors, 2 left on base; Pittsburgh 2 - Los Angeles 0
BOTTOM OF THE 6TH
Los Angeles Dodgers batting - Pitching for Pittsburgh Pirates : RHP Chris Niewinski
Batting: RHB Bryan Uplinger 0-0: Called Strike
0-1: Ball
1-1: DOUBLE (Line Drive, 8RXD, EV 101.3 MPH)
Batting: LHB Ramon Anguiano 0-0: Ball
1-0: Swinging Strike
1-1: Foul Ball, location: 25F
1-2: Ball
2-2: Fly out, F7 (Flyball, 7D, EV 103.1 MPH)
Batting: RHB Victor Salinas 0-0: Ball
Bryan Uplinger steals 3rd base
1-0: Called Strike
1-1: Ball
2-1: Ball
3-1: Ground out 5-3 (Groundball, 56, EV 83.8 MPH)
Bryan Uplinger scores
Batting: SHB Mang He 0-0: Foul Ball, location: 3F
0-1: Ball
1-1: Ball
2-1: Foul Ball, location: 7LDF
2-2: Strikes out swinging
Bottom of the 6th over - 1 run, 1 hit, 0 errors, 0 left on base; Pittsburgh 2 - Los Angeles 1
TOP OF THE 7TH
Pittsburgh Pirates batting - Pitching for Los Angeles Dodgers : RHP Kyle McLelland
Batting: SHB Jamie Hoffman 0-0: Ball
1-0: Called Strike
1-1: SINGLE (Line Drive, 89S, EV 85.0 MPH)
Pitching: RHP Sean McNees
Batting: RHB Randy Wilson 0-0: Called Strike
0-1: Ball
1-1: Ball
2-1: Foul Ball, location: 2F
2-2: Ball
3-2: Fly out, F6 (Flyball, 6D, EV 85.0 MPH)
Batting: RHB Yoelbi Eugnio 0-0: DOUBLE (Flyball, 8LXD, EV 111.3 MPH)
Jamie Hoffman to third
Batting: RHB Joey Noles 0-0: Called Strike
0-1: Foul Ball, location: 2F
0-2: Ball
1-2: Strikes out looking
Batting: LHB Josue Lopez 0-0: Called Strike
0-1: Ball
1-1: Ground out 5-3 (Groundball, 5, EV 83.8 MPH)
Top of the 7th over - 0 runs, 2 hits, 0 errors, 2 left on base; Pittsburgh 2 - Los Angeles 1
BOTTOM OF THE 7TH
Los Angeles Dodgers batting - Pitching for Pittsburgh Pirates : RHP Chris Niewinski
Batting: LHB Greg Thompson 0-0: Called Strike
0-1: Foul Ball, location: 2F
0-2: Strikes out swinging
Batting: LHB Joel Holden 0-0: Called Strike
0-1: Ball
1-1: Foul Ball, location: 2F
1-2: Ball
2-2: Foul Ball, location: 2F
2-2: Strikes out swinging
Batting: RHB Joe Boyer 0-0: Ball
1-0: Foul Ball, location: 5FF
1-1: Foul Ball, location: 2F
1-2: Ball
2-2: Foul Ball, location: 2LF
2-2: Fly out, F7 (Flyball, 7, EV 91.3 MPH)
Bottom of the 7th over - 0 runs, 0 hits, 0 errors, 0 left on base; Pittsburgh 2 - Los Angeles 1
TOP OF THE 8TH
Pittsburgh Pirates batting - Pitching for Los Angeles Dodgers : RHP Sean McNees
Batting: RHB Zachary Gugliotta 0-0: Called Strike
0-1: SOLO HOME RUN (Flyball, 89XD, EV 93.8 MPH), Distance : 372 ft
Batting: RHB Carlos Flores 0-0: Ball
1-0: Foul Ball, location: 5F
1-1: Ball
2-1: Foul Ball, location: 3F
2-2: Ball
3-2: Ground out 4-3 (Groundball, 4, EV 103.1 MPH)
Batting: RHB Alex Velazquez 0-0: Foul Ball, location: 25F
0-1: Ground out 5-3 (Groundball, 5, EV 86.9 MPH)
Pitching: LHP Jose Amaro
Batting: RHB Chris Ward 0-0: Ball
1-0: Called Strike
1-1: Ball
2-1: Ball
3-1: Base on Balls
Batting: SHB Jamie Hoffman 0-0: Called Strike
0-1: Foul Ball, location: 9LDF
0-2: Ground out 4-3 (Groundball, 34, EV 86.3 MPH)
Top of the 8th over - 1 run, 1 hit, 0 errors, 1 left on base; Pittsburgh 3 - Los Angeles 1
BOTTOM OF THE 8TH
Los Angeles Dodgers batting - Pitching for Pittsburgh Pirates : RHP Chris Niewinski
Pitching: RHP Joe Duncan
Pinch Hitting: LHB Roy Lazzaro 0-0: Ball
1-0: Called Strike
1-1: Foul Ball, location: 5F
1-2: Strikes out looking
Batting: RHB Dan Boyd 0-0: Ball
1-0: Foul Ball, location: 2F
1-1: Foul Ball, location: 5F
1-2: Foul Ball, location: 23FF
1-2: DOUBLE (Line Drive, 89D, EV 105.6 MPH)
Batting: RHB Bryan Uplinger 0-0: Ball
1-0: Ball
2-0: Called Strike
2-1: Foul Ball, location: 5F
2-2: Foul Ball, location: 3FF
2-2: Ball
3-2: Fly out, F8 (Flyball, 8RD, EV 96.9 MPH)
Runner from 2nd tags up, SAFE at 3rd with throw by CF
Batting: LHB Ramon Anguiano 0-0: Ball
Wild Pitch!
Dan Boyd scores
1-0: Ball
2-0: Called Strike
2-1: Ball
3-1: Foul Ball, location: 25F
3-2: Strikes out swinging
Bottom of the 8th over - 1 run, 1 hit, 0 errors, 0 left on base; Pittsburgh 3 - Los Angeles 2
TOP OF THE 9TH
Pittsburgh Pirates batting - Pitching for Los Angeles Dodgers : LHP Jose Amaro
Now at 2B: Brad Horwath
Now at SS: Dan Boyd
Batting: RHB Randy Wilson 0-0: Foul Ball, location: 2F
0-1: Ball
1-1: Ball
2-1: Ball
3-1: Called Strike
3-2: Foul Ball, location: 9LSF
3-2: Base on Balls
Batting: RHB Yoelbi Eugnio 0-0: Called Strike
0-1: Fly out, F7 (Flyball, 78M, EV 87.5 MPH)
Batting: RHB Joey Noles 0-0: Called Strike
0-1: Swinging Strike
0-2: Strikes out swinging
Batting: LHB Josue Lopez 0-0: DOUBLE (Line Drive, 78M, EV 88.8 MPH)
Randy Wilson to third
Runner from 3rd tries for Home, SAFE, throw by LF to trailing runner, SAFE at third!
Batting: RHB Zachary Gugliotta 0-0: Called Strike
0-1: Ground out 5-3 (Groundball, 5, EV 101.9 MPH)
Top of the 9th over - 1 run, 1 hit, 0 errors, 1 left on base; Pittsburgh 4 - Los Angeles 2
BOTTOM OF THE 9TH
Los Angeles Dodgers batting - Pitching for Pittsburgh Pirates : RHP Joe Duncan
Batting: RHB Victor Salinas 0-0: Swinging Strike
0-1: Ball
1-1: Swinging Strike
1-2: Foul Ball, location: 2F
1-2: Foul Ball, location: 9LMF
1-2: Foul Ball, location: 2F
1-2: Strikes out looking
Pitching: RHP Dana House
Batting: SHB Mang He 0-0: Ball
1-0: Swinging Strike
1-1: Ball
2-1: Foul Ball, location: 2F
2-2: Foul Ball, location: 2F
2-2: Ball
3-2: Ground out 4-3 (Groundball, 4, EV 80.6 MPH)
Batting: LHB Greg Thompson 0-0: Called Strike
0-1: SOLO HOME RUN (Flyball, 89XD, EV 108.8 MPH), Distance : 401 ft
Batting: LHB Joel Holden 0-0: Ball
1-0: Called Strike
1-1: SINGLE (Line Drive, 8RS, EV 108.1 MPH)
Batting: RHB Joe Boyer 0-0: Swinging Strike
0-1: Ball
Passed Ball!
Joel Holden to second
1-1: Foul Ball, location: 9LDF
1-2: Ball
2-2: Strikes out swinging
Bottom of the 9th over - 1 run, 2 hits, 0 errors, 1 left on base; Pittsburgh 4 - Los Angeles 3
Sunday, May 5th , 2024 - OOTP Baseball 24.11 Build 85